 Dungeon Crawl Stone Soup version 0.28.0-53-g5a82cb258f (webtiles) character file.

Game seed: 5445697531722309158

30 DemonSlayer the Firebug (level 3, 0/24 HPs)
             Began as a Demonspawn Fire Elementalist on July 28, 2022.
             Slain by a hobgoblin (4 damage)
             ... on level 2 of the Dungeon.
             The game lasted 00:02:10 (1050 turns).

DemonSlayer the Firebug (DsFE)                      Turns: 1050, Time: 00:02:11

Health: 0/24       AC:  2    Str:  5 (8)  XL:     3   Next: 5%
Magic:  0/6        EV: 12    Int: 15 (18) God:
Gold:   66         SH:  0    Dex: 10 (13) Spells: 3/6 levels left

rFire   . . .      SeeInvis .   i - +0 dagger (vamp)
rCold   . . .      Faith    .   (no shield)
rNeg    . . .      Spirit   .   a - +0 robe
rPois   .          Reflect  .   (no helmet)
rElec   .          Harm     .   (no cloak)
rCorr   .          Rampage  .   (no gloves)
Will    .....                   (no boots)
Stlth   ++........              (no amulet)
HPRegen 0.08/turn               (no ring)
MPRegen 0.10/turn               (no ring)

@: lethally poisoned (0 -> -4), hasted, very quick
A: hooves 1
a: no special abilities


You were on level 2 of the Dungeon.
You visited 1 branch of the dungeon, and saw 2 of its levels.

You collected 66 gold pieces.

Inventory:

Hand Weapons
 c - a +0 dagger of venom
 f - a +3 dagger
 i - a +0 vampiric dagger (weapon)
Armour
 a - a +0 robe (worn)
Scrolls
 d - a scroll of amnesia {unknown}
 k - a scroll of fog {unknown}
Potions
 e - a potion of degeneration
 j - a potion of lignification {unknown}


   Skills:
 + Level 1.8 Dodging
 + Level 1.8 Stealth
 + Level 2.4 Spellcasting
 + Level 1.8 Conjurations
 + Level 3.1 Fire Magic


You had 3 spell levels left.
You knew the following spells:

 Your Spells              Type           Power      Damage    Failure   Level
a - Foxfire               Conj/Fire      36%        2x1d5     8%          1
b - Scorch                Fire           22%        2d6       9%          2

Your spell library contained the following spells:

 Spells                   Type           Power      Damage    Failure   Level
 Conjure Flame            Conj/Fire      9%         6-21      22%         3
 Inner Flame              Hex/Fire       6%         N/A       32%         3
 Flame Wave               Conj/Fire      9%         2d5       58%         4


Dungeon Overview and Level Annotations

Branches:
Dungeon (1/15)

Altars:


Innate Abilities, Weirdness & Mutations

You have large cloven feet.


Message History

The hobgoblin is heavily wounded.
The adder bites you.
* * * LOW HITPOINT WARNING * * *
It was a potion of curing.
You feel better. The adder bites you.
It was a potion of degeneration.
There was something very wrong with that liquid.
You feel weakened.
You feel dopey.
You feel clumsy. The adder barely misses you.
The hobgoblin hits you but does no damage.
It was a potion of heal wounds.
You feel much better. The adder bites you.
You are poisoned.
The adder poisons you! The hobgoblin barely misses you.
You conjure some foxfire!
You feel sick. The adder bites you.
You are more poisoned.
The adder poisons you! The hobgoblin closely misses you. The adder misses you.
You conjure some foxfire!
You feel sick.
The foxfire hits the adder.
The adder is moderately wounded.
The adder bites you. The hobgoblin hits you.
You are too injured to fight recklessly!
You are too injured to fight recklessly!
You are too injured to fight recklessly!
You barely miss the adder.
The adder is moderately wounded.
* * * LOW HITPOINT WARNING * * *
You feel sick.
The foxfire hits the adder.
The adder is severely wounded.
The foxfire hits the adder.
The adder is almost dead.
The adder barely misses you. The hobgoblin closely misses you.
The foxfire hits the adder.
You kill the adder!
You have reached level 3!
Your experience leads to an increase in your attributes!
Your base attributes are Str 8, Int 16, Dex 13.
Increase (S)trength, (I)ntelligence, or (D)exterity?
You feel clever. x2
It was a potion of haste.
You feel yourself speed up.
* * * LOW HITPOINT WARNING * * *
You feel sick. The hobgoblin hits you.
You die...

....# ##†## #.#######
....# ####.## #.# ....#
#.##..# #.# ....#
#.###.## #.#
....####### #.###..#
#.# .....g....#
#.#.##.## #.#
....#####.#####.#.##..#
#.# ###.#
#....##g.§###.# #.# #.#
####..J†@§....# #.# ..#
#....##§###.###.# ...
#....##.###..##.# ....
#....##.......#.# <...
############..#.####
#..........#
#..........#
#..........#
#......>.).#


You could see an endoplasm and a hobgoblin.

Vanquished Creatures
  An adder (D:2)
  An orc (D:2)
  A bat (D:1)
  3 endoplasms (D:1)
  A giant cockroach (D:2)
  A goblin (D:2)
  2 hobgoblins (D:2)
  5 kobolds
  2 frilled lizards (D:1)
  3 rats
20 creatures vanquished.

Vanquished Creatures (others)
  71 foxfires
71 creatures vanquished.

Grand Total: 91 creatures vanquished

Notes
Turn   | Place    | Note
-------+----------+-------------------------------------------
     0 | D:1      | DemonSlayer the Demonspawn Fire Elementalist began the
                  | quest for the Orb.
     0 | D:1      | Reached XP level 1. HP: 13/13 MP: 3/3
   434 | D:1      | Reached skill level 3 in Fire Magic
   434 | D:1      | Discovered your monstrous ancestry.
   434 | D:1      | Gained mutation: You have large cloven feet. [demonic
                  | ancestry]
   434 | D:1      | Reached XP level 2. HP: 19/19 MP: 3/5
   437 | D:1      | Learned a level 2 spell: Scorch
   489 | D:1      | You fall into a shaft and drop 1 floor!
  1050 | D:2      | Reached XP level 3. HP: 5/24 MP: 0/6
  1050 | D:2      | Slain by a hobgoblin

Illustrated notes

Levels and vault maps discovered:
D:1:      scummos_arrival_checkerplants, layout_loops_cross, serial_shops, shop,
          minmay_misc_feat_iff
D:2:      layout_basic

Skill      XL: |  1 |
---------------+----+-----
Fire Magic     | 3 |  3.1
Dodging        | |  1.8
Stealth        | |  1.8
Spellcasting   | |  2.4
Conjurations   | |  1.8

Action                   || total
-------------------------++-------
Melee: Unarmed           ||     1
       Dagger            ||     3
       Kick              ||     2
 Cast: Foxfire           ||    47
  Use: Potion            ||     4
Armor: Robe              ||     1
Dodge: Dodged            ||    13
